AoeStats
← Toblerone Order

Pilgrims

508403405Analyzed
4v4 RM · 10d ago on Sep 22, 2026· 63m 49s· 8 players
Game mode
Random Map
Map size
Large (8 player)
Population
200
Speed
Normal
Resources
Standard
Victory
Conquest
Starting age
Dark Age
Ending age
Imperial Age
RankedLock teamsTeams togetherTeam positionsShared explorationLock speedFull tech treeHidden civsTurbo modeCheats
Victory
Defeat
1684
+10
🇨🇦 Poles · Canada
1623
+13
🇺🇸 Dravidians · United States
1521
+17
🇩🇰 Italians · Denmark
1508
+17
🇹🇷 Persians · Türkiye
1559
-15
🇹🇼 Dravidians · Taiwan
1558
-15
🇵🇪 Khmer · Peru
1540
-14
1513
-13
安师大高级王罗宇晨
4:49 Loom
10:22 Feudal Age
14:48 Castle Age
12:29 Man-at-Arms
13:18 Double-Bit Axe
13:35 Long Swordsman
14:24 Fishing Lines
15:17 Scale Mail Armor
14:57 Two-Handed Swordsman
15:32 Arson
16:23 Squires
16:48 Gambesons
19:57 Chain Mail Armor
29:16 Medium Warships
29:51 Caravan
60:59 Coinage
KLIKELIN
3:27 Loom
11:11 Feudal Age
14:27 Castle Age
13:12 Double-Bit Axe
14:20 Horse Collar
16:09 Wheelbarrow
26:18 Heavy Plow
26:31 Bow Saw
27:15 Town Watch
27:46 Hand Cart
28:15 Gold Mining
28:15 Stone Mining
32:25 Imperial Age
31:39 Gold Shaft Mining
31:39 Stone Shaft Mining
33:06 Town Patrol
33:47 Conscription
33:28 Double Crossbow
33:58 Cavalier
35:33 Ballistics
35:19 Siege Engineers
37:06 Elite Ballista Elephant
39:30 Chemistry
41:58 Husbandry
42:09 Bloodlines
41:20 Light Cavalry
42:43 Hussar
43:39 Forging
43:35 Scale Barding Armor
45:22 Iron Casting
47:32 Blast Furnace
57:02 Pikeman
57:31 Halberdier
ALmotema
5:06 Loom
11:52 Feudal Age
12:22 Double-Bit Axe
12:50 Gold Mining
13:49 Fletching
20:07 Castle Age
21:16 Medium Warships
21:03 Bodkin Arrow
22:38 Medium Warships
25:50 Bow Saw
26:23 Ballistics
26:52 Fishing Lines
27:46 Clinker Construction
28:27 Wheelbarrow
30:52 Imperial Age
34:11 Horse Collar
35:46 Two-Man Saw
37:10 Hand Cart
37:18 Heavy Plow
37:21 Stone Mining
39:21 Coinage
38:27 Man-at-Arms
38:53 Gambesons
39:08 Squires
39:50 Bracer
39:50 Padded Archer Armor
41:26 Chemistry
40:46 Medical Corps
41:43 Elite Elephant Archer
43:17 Leather Archer Armor
43:28 Thumb Ring
42:43 Elite Skirmisher
45:00 Ring Archer Armor
46:24 Banking
47:54 Long Swordsman
48:36 Scale Mail Armor
48:46 Forging
49:30 Town Watch
50:59 Chain Mail Armor
50:05 Two-Handed Swordsman
51:07 Champion
52:22 Plate Mail Armor
52:28 Iron Casting
52:13 Arson
53:21 Wootz Steel
53:59 Gillnets
55:47 Conscription
60:25 Pikeman
61:46 Halberdier
Toblerone Order
7:28 Loom
10:27 Feudal Age
14:10 Castle Age
14:46 Medium Warships
19:02 Wheelbarrow
18:25 Double-Bit Axe
18:25 Fishing Lines
19:26 Scale Barding Armor
19:31 Forging
19:15 Fletching
20:13 Husbandry
20:23 Bloodlines
22:10 Chain Barding Armor
22:25 Iron Casting
22:36 Bow Saw
23:15 Horse Collar
23:30 Gold Mining
23:30 Stone Mining
24:11 Gillnets
25:34 Heavy Plow
26:41 Gold Shaft Mining
26:43 Stone Shaft Mining
27:52 Hand Cart
30:33 Imperial Age
29:03 Iron Casting
28:24 Bodkin Arrow
30:45 Heavy Camel Rider
32:25 Plate Barding Armor
35:29 Blast Furnace
36:44 Conscription
36:24 Town Watch
38:24 Crop Rotation
37:17 Light Cavalry
38:44 Town Patrol
46:56 Ballistics
50:43 Caravan
55:03 Chemistry
55:32 Hussar
Benitto Burrito
4:22 Loom
11:21 Feudal Age
12:15 Double-Bit Axe
15:40 Fletching
18:50 Castle Age
18:54 Pikeman
23:34 Horse Collar
23:41 Town Watch
28:20 Heavy Plow
34:05 Bodkin Arrow
34:18 Arson
34:33 Squires
36:02 Wheelbarrow
39:43 Hand Cart
41:19 Ballistics
41:04 Guard Tower
41:55 Bow Saw
45:05 Imperial Age
43:28 Treadmill Crane
43:58 Masonry
43:52 Murder Holes
43:37 Treadmill Crane
44:07 Masonry
45:39 Scale Barding Armor
45:44 Forging
46:31 Lechitic Legacy
46:34 Conscription
46:20 Szlachta Privileges
46:35 Lechitic Legacy
47:28 Chain Barding Armor
47:45 Iron Casting
47:24 Bloodlines
47:14 Husbandry
46:35 Light Cavalry
47:17 Cavalier
47:32 Winged Hussar
49:29 Stone Mining
49:29 Gold Mining
52:21 Lechitic Legacy
55:59 Blast Furnace
55:01 Bracer
brendansexson
9:42 Loom
11:55 Feudal Age
13:38 Fletching
13:30 Fishing Lines
14:19 Gold Mining
14:15 Double-Bit Axe
14:34 Padded Archer Armor
16:45 Castle Age
17:53 Bow Saw
17:53 Bodkin Arrow
18:06 Thumb Ring
19:06 Leather Archer Armor
20:50 Ballistics
29:59 Imperial Age
27:20 Town Watch
31:29 Wheelbarrow
31:26 Ring Archer Armor
30:57 Bracer
30:54 Gillnets
31:01 Horse Collar
35:42 Chemistry
34:54 Masonry
35:52 Two-Man Saw
34:38 Elite Elephant Archer
36:04 Hand Cart
43:08 Caravan
48:55 Elite Skirmisher
50:41 Onager
53:48 Siege Onager
54:10 Pikeman
54:51 Squires
55:20 Halberdier
60:40 Siege Elephant
Thundernips, The Ultimate Gigolo
8:59 Feudal Age
12:18 Castle Age
10:06 Double-Bit Axe
11:36 Forging
13:46 Loom
15:30 Wheelbarrow
16:43 Hand Cart
17:07 Town Watch
17:08 Horse Collar
18:54 Heavy Plow
19:41 Fervor
23:45 Fletching
25:09 Bodkin Arrow
26:39 Bow Saw
26:23 Gold Mining
26:34 Stone Mining
27:16 Ballistics
29:11 Gold Shaft Mining
36:11 Imperial Age
34:01 Padded Archer Armor
34:18 Masonry
35:14 Leather Archer Armor
35:22 Sanctity
35:15 Scale Mail Armor
36:42 Iron Casting
35:28 Pikeman
36:09 Squires
35:36 Man-at-Arms
36:02 Gambesons
36:57 Fereters
36:18 Long Swordsman
37:04 Bracer
37:54 Conscription
38:10 Hoardings
37:58 Block Printing
38:08 Illumination
38:19 Theocracy
38:09 Illumination
38:21 Theocracy
38:27 Hoardings
37:23 Sappers
38:10 Guilds
37:34 Halberdier
37:35 Two-Handed Swordsman
38:21 Onager
40:01 Ring Archer Armor
39:46 Chain Mail Armor
40:03 Champion
40:15 Capped Ram
40:46 Arson
42:11 Elite Composite Bowman
43:29 Plate Mail Armor
44:00 Blast Furnace
47:48 Coinage
49:00 Banking
48:04 Siege Ram
60:04 Chemistry
59:03 Murder Holes
61:25 Bombard Tower
62:47 Sappers
Lord Longshaft
5:20 Loom
12:57 Feudal Age
13:48 Gold Mining
14:03 Town Watch
14:25 Double-Bit Axe
17:19 Castle Age
16:17 Fletching
18:34 Medium Warships
20:00 Wheelbarrow
19:41 Clinker Construction
20:40 Forging
23:18 Careening
26:38 Bow Saw
30:02 Horse Collar
31:28 Ballistics
32:27 Guard Tower
32:34 Murder Holes
34:53 Bodkin Arrow
35:51 Padded Archer Armor
37:55 Heavy Plow
39:23 Masonry
40:25 Silk Road
40:15 Stone Mining
44:45 Imperial Age
43:31 Hand Cart
43:50 Fortified Wall
43:58 Demolition Ship
47:05 Stone Shaft Mining
48:08 Treadmill Crane
49:17 Architecture
51:50 Caravan
53:21 Keep
53:47 Chemistry
53:13 Bracer
54:24 Arrowslits
56:43 Guilds
57:20 Conscription
Connection lost

Rejoining the realm…

Still unreachable

The connection could not be restored.

Session expired

The server has moved on; the page needs a fresh start.